Popo, lawful female dwarven Archeologist -------------------- ---.<..).[...........|-- |....----------.d.--.|.-- ---.---- |.G.@-|....-- |...| --hooo--....-- ---.--- |....o......| |...|-.--- |.GG........| |.--|....| --h.^......-- |.| |....-- |G|h....--- |.| -....| |G----..-- |.| |...-- |o --..| --.| |-..-- --- ---- --..| --....----- |...|--.......|.-------- --..--...............|.-- |......................| |...--.................| -----|..|.....^....--.-- ------..---...|--- ---- ----- Popo the Field Worker Experience level: 3 Strength: 14 Dexterity: 7 Constitution: 13 Intelligence: 16 Wisdom: 16 Charisma: 8 Health: 0(35) Energy: 14(14) Def: 2 Gold: 431 Moves: 1550 Dungeon seed: tXxL4gVJR6imopb5 Game ID: Popo_1465043237 Your Inventory: Coins $ - 431 gold pieces Weapons a - a +2 bullwhip p - a +0 sling y - a +0 sling Armor e - an uncursed +0 leather jacket (being worn) n - an uncursed +0 fedora r - an uncursed +0 orcish helm (being worn) Comestibles b - 2 uncursed food rations k - an uncursed lembas wafer s - an uncursed tripe ration t - an uncursed tin of jackal meat u - an uncursed eucalyptus leaf x - an uncursed apple B - an uncursed sprig of wolfsbane Scrolls v - an uncursed scroll of teleportation w - an uncursed scroll of enchant armor z - an uncursed scroll of scare monster Spellbooks l - an uncursed spellbook of levitation Potions m - a cursed potion of monster detection o - an uncursed potion of gain energy C - an uncursed potion of healing Wands d - a wand of light (0:12) j - a wand of striking (0:7) Tools c - a +0 pick-axe (weapon in hand) f - a tinning kit (0:35) g - an uncursed sack h - an uncursed tin opener i - an uncursed oil lamp (0:1404) Gems q - an uncursed touchstone Spells and supernatural/magical abilities: Name Level Category Fail Memory L - levitation 4 escape 100% 94% W - pray for help -- divine ? -- Your skills at the end: Miscellaneous Skills wands [Basic] Weapon Skills pick-axe [Basic] whip [Basic] Spellcasting Skills Final Attributes: You were stridently aligned. You had infravision. You were stealthy. You were fast. You are dead. Vanquished creatures: 3 hill orcs a hobbit a gecko a red mold 2 gnome zombies a jackal a kobold 2 newts 2 goblins 2 sewer rats 5 grid bugs 3 lichens 24 creatures vanquished. Voluntary challenges: You did not adorn yourself with jewelry or accessories. You were an atheist. You used a wielded weapon 33 times, starting on turn 99. You did not use containers. You did not apply a unicorn horn. You read items or engraved 12 times, starting on turn 252. You never genocided any monsters. You never polymorphed an object. You never changed form. You used no wishes. You never split a pudding. You never wrote Elbereth's name. You violated your moral code, losing 3 points of alignment, starting on turn 1177. Dungeon overview: The Dungeons of Doom: levels 1 to 4 Level 1 a long staircase Level 2 some fountains Level 3 a fountain Level 4 stairs to The Gnomish Mines The Gnomish Mines: Level 5 <- You were here stairs to The Dungeons of Doom History has recorded: On T:1 you entered the Dungeons of Doom to retrieve the Amulet of Yendor! On T:349 you reached level 2 of The Dungeons of Doom. On T:495 you advanced to experience level 2. On T:742 you reached level 3 of The Dungeons of Doom. On T:1126 you reached level 4 of The Dungeons of Doom. On T:1151 you advanced to experience level 3. On T:1350 you reached level 1 of The Gnomish Mines. Score breakdown: Gold: 431 ( 43 points) Experience: 3 levels ( 200 points) Exploration: 5 levels ( 120 points) Discoveries: 2 items ( 100 points) Variety of kills: 12 monsters ( 600 points) Major goal: (nothing yet) ( 0 points) Survival: died (score multiplied by 3) Total score: 3189 Latest messages: You hit the hill orc. The hill orc thrusts his crude dagger. The hill orc stabs you! You kill the hill orc! There are a few objects here. Blecch! Rotten food! The world spins and goes dark. You come to. Doggy mcdogface eats a partly eaten hill orc corpse. There is nothing here to pick up. (3x) Doggy mcdogface eats a hill orc corpse. Doggy mcdogface picks up an iron skull cap. Doggy mcdogface drops an iron skull cap. The hill orc punches you! Doggy mcdogface bites the hill orc. The hill orc misses doggy mcdogface. You kill the hill orc! $ - 30 gold pieces. There are a few more objects here. The hill orc zaps a glass wand! The magic missile hits you! You die... Final status: Goodbye Popo the Archeologist, killed by a magic missile... You died in The Gnomish Mines on dungeon level 5 with 3189 points, and 431 pieces of gold, after 1550 moves. You were level 3 with a maximum of 35 hit points when you died.